 Dungeon Crawl Stone Soup version 0.25-a0-50-gf0389da217 (webtiles) character file.

Game seed: 6258284148706624925, levelgen mode: deterministic

103983 MrRokkomies the Ripper (level 15, -16/73 HPs)
             Began as a Felid Enchanter on Oct 21, 2019.
             Was the Champion of Ashenzari.
             Engulfed by a cloud of flame (20 damage)
             ... on level 2 of the Snake Pit on Oct 24, 2019.
             The game lasted 03:53:33 (51444 turns).

MrRokkomies the Ripper (Felid Enchanter)           Turns: 51444, Time: 03:53:33

Health: -16/73     AC:  3    Str:  4    XL:     15   Next: 53%
Magic:  11/37      EV: 30    Int: 23    God:    Ashenzari [******]
Gold:   427        SH:  5    Dex: 17    Spells: 6/36 levels left
                                        Lives:  0   Deaths: 4

rFire    . . .     SeeInvis +     - Unarmed
rCold    + . .     Gourm    .   (shield unavailable)
rNeg     + . .     Faith    .   (armour unavailable)
rPois    +         Spirit   .   (helmet unavailable)
rElec    .         Reflect  +   (cloak unavailable)
rCorr    .         Harm     .   (gloves unavailable)
MR       ++...     Clarity  +   (boots unavailable)
Stlth    +++++.....             p - +5 amulet of reflection (curse)
HPRegen  0.22/turn              O - +6 ring of slaying
MPRegen  0.25/turn              J - ring of Jioresal {rPois rN+ MP+9 Slay+2} (curse)

@: quick
A: very small, no armour, no weapons or thrown items, stealth, claws 1, fangs 3,
see invisible, carnivore, speed 1, low mp 1, shaggy fur 3, slow metabolism 1,
sharp paws
}: 1/15 runes: decaying
a: Curse Item, Scrying, Transfer Knowledge, Renounce Religion


You were on level 2 of the Snake Pit.
You worshipped Ashenzari.
Ashenzari was exalted by your worship.
You were not hungry.

You visited 5 branches of the dungeon, and saw 30 of its levels.
You also visited: Gauntlet and Volcano.

You collected 2903 gold pieces.
You spent 2476 gold pieces at shops.

Inventory:

Jewellery
 k - an uncursed ring of flight
 n - an uncursed ring of protection from cold
 p - a cursed +5 amulet of reflection (around neck)
 t - a +2 ring of protection
 v - an uncursed ring of protection from fire
 E - an uncursed ring of positive energy
 G - a cursed ring of wizardry
 J - the cursed ring of Jioresal (right paw) {rPois rN+ MP+9 Slay+2}
   (You found it in a Gauntlet)

   [ring of slaying]

   It affects your accuracy and damage with ranged weapons and melee attacks
   (+2).
   It protects you from poison.
   It protects you from negative energy.
   It affects your magic capacity (+9).
   It has a curse placed upon it.
 O - a +6 ring of slaying (left paw)
 Q - an uncursed amulet of rage
 R - a +4 ring of slaying
Wands
 f - a wand of digging (1)
 g - a wand of paralysis (53)
 l - a wand of flame (44)
 s - a wand of random effects (65)
 u - a wand of polymorph (20)
 D - a wand of disintegration (9)
 U - a wand of acid (4)
Scrolls
 e - 2 scrolls of immolation
 i - 8 scrolls of remove curse
 x - 5 scrolls of amnesia
 y - 2 scrolls of magic mapping
 A - a scroll of fear
 H - 11 scrolls of identify
 I - a scroll of silence
 S - a scroll of fog
 W - 2 scrolls of vulnerability
Potions
 a - 7 potions of curing
 c - 4 potions of lignification
 d - 3 potions of flight
 h - 4 potions of brilliance
 j - 2 potions of cancellation
 m - 8 potions of haste
 o - 5 potions of might
 r - a potion of magic
 B - 3 potions of resistance
 C - 2 potions of agility
 K - 2 potions of mutation
 P - 2 potions of ambrosia
Miscellaneous
 q - 2 boxes of beasts
 M - a phial of floods
 T - a lamp of fire (inert)
 V - a lightning rod (4/4)
Comestibles
 b - 33 rations


   Skills:
 - Level 13.0 Fighting
 - Level 14.0 Dodging
 * Level 11.4 Stealth
 - Level 15.0 Unarmed Combat
 * Level 11.1 Spellcasting
 - Level 12.3(15.0) Conjurations
 - Level 11.2(13.9) Hexes
 - Level 2.2(4.5) Summonings
 - Level 3.7(6.4) Translocations
 - Level 5.0(8.0) Ice Magic
 - Level 8.5(11.5) Evocations


You had 6 spell levels left.
You knew the following spells:

 Your Spells              Type           Power        Failure   Level  Hunger
a - Throw Icicle          Conj/Ice       ######..     1%          4    None
b - Orb of Destruction    Conj           ######....   9%          7    #######
c - Confuse               Hex            ######..     1%          3    None
d - Tukima's Dance        Hex            ######..     1%          3    None
e - Blink                 Tloc           N/A          1%          2    None
f - Summon Butterflies    Summ           ####....     1%          1    None
g - Summon Ice Beast      Ice/Summ       #####...     3%          4    None
h - Invisibility          Hex            ######..     2%          6    #####..

Your spell library contained the following spells:

 Spells                   Type           Power        Failure   Level  Hunger
 Corona                   Hex            ######.      0%          1    None
 Magic Dart               Conj           ####         0%          1    None
 Apportation              Tloc           #####.       1%          1    None
 Freeze                   Ice            ####         1%          1    None
 Call Imp                 Summ           ####....     1%          2    None
 Ensorcelled Hibernation  Hex/Ice        ######       1%          2    None
 Shroud of Golubria       Chrm/Tloc      ####..       1%          2    None
 Slow                     Hex            ######..     1%          2    None
 Throw Frost              Conj/Ice       ######       1%          2    None
 Conjure Flame            Conj/Fire      #####...     1%          3    None
 Dazzling Spray           Conj/Hex       ######       1%          3    None
 Gell's Gravitas          Tloc           #####.....   1%          3    None
 Lesser Beckoning         Tloc           #####.....   1%          3    None
 Mephitic Cloud           Conj/Pois/Air  #####...     1%          3    None
 Recall                   Summ/Tloc      N/A          1%          3    None
 Teleport Other           Tloc           #####...     1%          3    None
 Ozocubu's Armour         Chrm/Ice       ####....     2%          3    None
 Passage of Golubria      Tloc           N/A          3%          4    None
 Summon Mana Viper        Hex/Summ       ######..     3%          5    ####...
 Beastly Appendage        Tmut           ##....       4%          1    None
 Sticks to Snakes         Tmut           ##......     6%          2    None
 Fireball                 Conj/Fire      #####.....   6%          5    ####...
 Iskenderun's Battlesphe  Conj/Chrm      #####...     6%          5    ####...
 Venom Bolt               Conj/Pois      #####.....   6%          5    ####...
 Ice Form                 Ice/Tmut       ####....     9%          4    None
 Ignite Poison            Fire/Tmut/Pois ##......     13%         3    None
 Spider Form              Tmut/Pois      ##........   13%         3    None
 Summon Forest            Summ/Tloc      #####.....   14%         5    ####...
 Bolt of Magma            Conj/Fire/Erth #####.....   16%         5    ####...
 Aura of Abjuration       Summ           ####......   22%         5    ####...
 Summon Demon             Summ           ####......   22%         5    ####...
 Bolt of Fire             Conj/Fire      #####.....   32%         6    #####..
 Iron Shot                Conj/Erth      #####.....   32%         6    #####..
 Petrify                  Tmut/Erth      ##......     38%         4    None
 Alistair's Intoxication  Tmut/Pois      ##......     75%         5    ####...
 Blade Hands              Tmut           ##........   75%         5    ####...
 Shadow Creatures         Summ           N/A          75%         6    #####..
 Hydra Form               Tmut           ##........   100%        6    #####..
 Statue Form              Tmut/Erth      ##.......    100%        6    #####..
 Spellforged Servitor     Conj/Summ      ######....   61%         7    #######
 Ring of Flames           Chrm/Fire      ##........   100%        7    #######
 Ignition                 Fire           ##........   100%        8    #######


Dungeon Overview and Level Annotations

Branches:
Dungeon (15/15)            Temple (0/1) D:7            Lair (6/6) D:11
  Swamp (4/4) Lair:3        Snake (3/4) Lair:3        Slime (0/5) Lair:6
    Orc (2/2) D:12            Elf (0/3) Orc:2        Vaults (0/5) D:14
 Depths (0/5) D:15        Volcano (visited)         Gauntlet (visited)

Altars:
Ashenzari
Cheibriados
Fedhas
Gozag
Hepliaklqana
Sif Muna
Wu Jian
Xom
Beogh

Shops:
D:8 ?   D:9 =   D:15 ??=}   Orc:2 [}(?   Snake:1 %(

Annotations:
D:15 exclusion: ice statue
Lair:5 exclusion: 2 oklob plants
Snake:1 1 runed translucent door, tmwh's ghost, adept TrFi
Snake:2 Asterion


Innate Abilities, Weirdness & Mutations

You cannot wear armour.
You are incapable of wielding weapons or throwing items.
Your paws allow you to move quietly. (Stealth)
You have sharp claws.
You have razor-sharp teeth.
You have supernaturally acute eyesight. (SInv)
You are carnivorous and can eat meat at any time.
You cover ground quickly.
Your thick and shaggy fur keeps you warm. (AC +3, rC+)
You have a slow metabolism.
Your sharp claws are effective at attacking unaware monsters.
Your magical capacity is low. (-10% MP)


Message History

Evoke which item? (* to show all) (? for menu, Esc to quit)
Aim the lamp in which direction?
Press: ? - help, Dir - move target cursor, f/p - Asterion
Aim: Asterion, wielding a +1 antimagic demon whip, wearing a +0 scale mail and wearing a +0 shield (heavily wounded)
The flames dance!
The trail of fire misses your butterfly.
The trail of fire hits your butterfly!
You kill your butterfly!
The trail of fire hits Asterion!
Asterion is heavily wounded.
The trail of fire misses your butterfly.
Your butterfly is engulfed in blazing flames.
You kill your butterfly!
Your butterfly is engulfed in blazing flames.
You kill your butterfly!
Asterion is engulfed in blazing flames.
Casting: Summon Butterflies (safe; 1% risk of failure)
Confirm with . or Enter, or press ? or * to list all spells.
You blink.
You are engulfed in blazing flames.
You die...

......######..........##...#.....
........##........#...###<...####
#.......##........#...# #.####
##......#.........##.####.#
##....#..........##.[.##.#
####.#.........#..#..)..(÷#
...#.#......(.....#.(....##
...............§..$......#
................@###.#...#
......)...#..).§.§..######
..#####......###§.§.N..# ###
#####....b§.b§b..# #.####>§§§H§§#
### #...##### #####


You could see Asterion and a friendly naga.

Vanquished Creatures
  the Lernaean hydra (Swamp:4)
  Saint Roka (Orc:2)
  2 thorn hunters
  A nagaraja (Snake:2)
  Aizul (Swamp:2)
  Nessos (Lair:6)
  A minotaur (Gauntlet)
  An ogre mage (D:15)
  Josephine (D:11)
  3 vault guards (D:14)
  An ice dragon (D:15)
  2 naga warriors
  3 shambling mangroves
  15 hydras
  A ghost crab (Swamp:3)
  4 centaur warriors (D:14)
  4 anacondas
  10 two-headed ogres
  10 alligators
  5 orc high priests
  3 naga sharpshooters
  A shock serpent (Snake:2)
  Nergalle (D:12)
  5 spriggans
  3 skeletal warriors (D:13)
  A wretched star (Gauntlet)
  5 unseen horrors
  A spriggan druid (Swamp:3)
  6 naga ritualists
  17 swamp dragons
  7 mana vipers
  2 wolf spider zombies (D:15)
  5 orc sorcerers (Orc:2)
  14 ugly things
  2 cyclopes (D:15)
  3 orc knights (Orc:2)
  3 deep elf magi
  4 salamanders
  2 manticores (D:14)
  Psyche (D:10)
  5 centaur zombies
  19 black mambas
  11 elephants
  A black mamba (shapeshifter) (D:15)
  7 naga magi
  A guardian serpent (Snake:1)
  4 centaur skeletons
  3 gargoyles
  14 spiny frogs
  2 rime drakes (Lair:6)
  2 efreet
  10 komodo dragons
  A redback zombie (D:15)
  7 tyrant leeches
  12 trolls
  14 hornets
  6 polar bears
  10 blink frogs
  5 bog bodies
  18 slime creatures
  9 hippogriffs
  5 shadows
  5 wyverns
  5 wraiths
  29 yaks
  15 fire bats
  2 fire elementals (Volcano)
  A neqoxec (Gauntlet)
  10 nagas
  4 hungry ghosts
  6 vampire mosquitoes (Swamp:2)
  4 wargs
  16 insubstantial wisps
  16 water moccasins
  10 swamp worms
  5 porcupines
  2 soldier ants
  3 black bears
  12 swamp drakes
  8 ice beasts
  A hornet zombie (D:14)
  44 orc warriors
  3 phantoms
  8 sky beasts
  5 boggarts (D:15)
  19 ogres
  4 eyes of draining
  A wolf (shapeshifter) (D:11)
  7 centaurs
  22 crocodiles
  2 necrophages
  7 wolves
  2 big kobolds (D:10)
  18 bullfrogs
  A bullfrog (shapeshifter) (D:14)
  4 scorpions
  9 wights
  An electric eel (D:14)
  2 howler monkeys
  5 lava snakes (Volcano)
  6 crimson imps
  4 bullfrog zombies
  2 quasits (D:10)
  2 bullfrog skeletons
  3 iron imps (Gauntlet)
  32 orc priests
  10 jellies
  4 hounds
  8 orc wizards
  An iguana (D:5)
  12 worker ants
  2 hound zombies
  A hound skeleton (D:8)
  2 worker ant zombies
  6 adders
  6 shadow imps
  A white imp (D:15)
  3 oozes (Lair:6)
  5 worms
  A dart slug (D:3)
  4 leopard geckos
  110 orcs
  6 bats
  5 giant cockroaches
  6 goblins
  6 hobgoblins
  3 jackals
  6 quokkas
  A ball python (D:3)
  5 frilled lizards
  13 kobolds
  A leopard gecko skeleton (D:4)
  A quokka skeleton (D:6)
  A rat (D:2)
  A plant (Lair:6)
918 creatures vanquished.

Vanquished Creatures (collateral kills)
  Roxanne (Swamp:4)
  A vault guard (D:14)
  7 hydras
  5 two-headed ogres
  A merfolk avatar (Lair:6)
  A spriggan druid (Swamp:3)
  2 mana vipers (Snake:2)
  An elephant (Lair:6)
  A black mamba (Lair:6)
  A spiny frog (Lair:2)
  A gargoyle (D:10)
  2 tyrant leeches (Lair:3)
  A hornet (Swamp:3)
  A blink frog (Lair:6)
  A spriggan (Swamp:3)
  A yak (Lair:3)
  2 fire bats (Lair:3)
  Edmund (D:5)
  4 nagas
  2 swamp worms (Lair:3)
  An insubstantial wisp (Swamp:4)
  A water moccasin (Lair:6)
  7 orc warriors
  2 ogres
  3 wolves (Lair:5)
  5 wights
  A jelly (Lair:6)
  2 orc priests
  3 orc wizards
  11 orcs
  A fire vortex (Lair:3)
74 creatures vanquished.

Vanquished Creatures (others)
  A gargoyle (D:13)
  10 dancing weapons
  2 electric eels (D:7)
  An orc wizard (Orc:2)
  2 orcs
  14 fungi
  11 plants
41 creatures vanquished.

Grand Total: 1033 creatures vanquished

Notes
Turn   | Place    | Note
-------+----------+-------------------------------------------
     0 | D:1      | MrRokkomies the Felid Enchanter began the quest for the
                  | Orb.
     0 | D:1      | Reached XP level 1. HP: 7/7 MP: 4/4
   447 | D:1      | Reached XP level 2. HP: 10/11 MP: 6/6
   451 | D:1      | Learned a level 2 spell: Ensorcelled Hibernation
  1119 | D:2      | Reached skill level 5 in Hexes
  1148 | D:2      | Reached skill level 2 in Unarmed Combat
  1171 | D:2      | Reached XP level 3. HP: 10/14 MP: 7/7
  1176 | D:2      | Learned a level 3 spell: Confuse
  1404 | D:2      | Found a shimmering blue altar of Sif Muna.
  1650 | D:2      | Found a snail-covered altar of Cheibriados.
  2293 | D:3      | Found a blossoming altar of Fedhas.
  2458 | D:3      | Reached XP level 4. HP: 18/18 MP: 8/8
  2597 | D:3      | Found a hazy altar of Hepliaklqana.
  3402 | D:4      | Noticed an ogre
  3775 | D:4      | Found an ornate altar of the Wu Jian Council.
  3790 | D:4      | Noticed an ogre
  3819 | D:4      | Killed an ogre
  3819 | D:4      | Reached skill level 5 in Stealth
  3819 | D:4      | Reached skill level 3 in Unarmed Combat
  3819 | D:4      | Reached XP level 5. HP: 21/21 MP: 4/9
  3911 | D:4      | Killed an ogre
  3911 | D:4      | Gained mutation: You are covered in thick fur. (AC +2)
                  | [Felid growth]
  3911 | D:4      | Reached XP level 6. HP: 24/24 MP: 6/10
  3916 | D:4      | Learned a level 3 spell: Tukima's Dance
  4155 | D:4      | Reached skill level 4 in Unarmed Combat
  4186 | D:4      | Found an opulent altar of Gozag.
  4470 | D:4      | Found a shattered altar of Ashenzari.
  4474 | D:4      | Became a worshipper of Ashenzari the Shackled
  4529 | D:5      | Entered Level 5 of the Dungeon
  4676 | D:5      | Identified the ring "Wixtorio" {*Tele rC- Str+2 Dex+7}
  5053 | D:5      | Noticed Edmund
  5066 | D:5      | Killed Edmund
  5066 | D:5      | Reached skill level 5 in Unarmed Combat
  5066 | D:5      | Reached XP level 7. HP: 19/27 MP: 4/11
  5466 | D:6      | Reached skill level 1 in Fighting
  5760 | D:6      | Reached skill level 6 in Unarmed Combat
  5960 | D:6      | Reached XP level 8. HP: 34/34 MP: 0/12
  6388 | D:7      | Reached * piety under Ashenzari
  6436 | D:7      | Found a staircase to the Ecumenical Temple.
  6706 | D:7      | Found a transporter.
  6843 | D:7      | Found a transporter.
  6915 | D:7      | Learned a level 3 spell: Dazzling Spray
  6966 | D:7      | Noticed a hippogriff
  7043 | D:7      | Killed a hippogriff
  7043 | D:7      | Reached skill level 7 in Unarmed Combat
  7420 | D:7      | Found a shimmering altar of Xom.
  7649 | D:8      | Reached skill level 5 in Dodging
  8295 | D:8      | Reached skill level 5 in Fighting
  8316 | D:8      | Reached XP level 9. HP: 29/40 MP: 2/13
  8560 | D:8      | Reached skill level 8 in Unarmed Combat
  8702 | D:8      | Reached ** piety under Ashenzari
  8780 | D:8      | Found Synkoeje's Magic Scroll Emporium.
  8855 | D:9      | Found Asudia's Jewellery Shoppe.
  8866 | D:9      | Bought a +4 amulet of reflection for 351 gold pieces
  8876 | D:9      | Noticed a troll
  8996 | D:9      | Killed a troll
  9311 | D:9      | Reached skill level 9 in Unarmed Combat
  9787 | D:10     | Entered Level 10 of the Dungeon
 10062 | D:10     | Reached XP level 10. HP: 45/47 MP: 5/14
 10194 | D:10     | Noticed a two-headed ogre
 10223 | D:10     | Killed a two-headed ogre
 10333 | D:10     | Noticed an unseen horror
 10341 | D:10     | Killed an unseen horror
 10481 | D:10     | Learned a level 2 spell: Blink
 10483 | D:10     | Learned a level 1 spell: Summon Butterflies
 10861 | D:10     | Reached skill level 10 in Unarmed Combat
 10861 | D:10     | Reached skill level 1 in Translocations
 11129 | D:10     | Noticed a two-headed ogre
 11134 | D:10     | Noticed a gargoyle
 11304 | D:10     | Noticed Psyche
 11304 | D:10     | Noticed a green ugly thing
 11310 | D:10     | Killed Psyche
 11338 | D:10     | Killed a two-headed ogre
 11458 | D:10     | Killed a green ugly thing
 11458 | D:10     | Reached skill level 1 in Ice Magic
 11592 | D:10     | Noticed a gargoyle
 11595 | D:10     | Killed a gargoyle
 11596 | D:10     | Noticed an unseen horror
 11606 | D:10     | Killed an unseen horror
 11606 | D:10     | Reached XP level 11. HP: 50/53 MP: 13/16
 12017 | D:11     | Reached skill level 11 in Unarmed Combat
 12058 | D:11     | Found a staircase to the Lair.
 12233 | D:11     | Reached *** piety under Ashenzari
 12381 | D:11     | Noticed Josephine
 12805 | D:11     | Killed Josephine
 12805 | D:11     | Reached skill level 10 in Fighting
 13367 | D:12     | Noticed a seven-headed hydra
 13367 | D:12     | Noticed a two-headed ogre
 13405 | D:12     | Noticed an unseen horror
 13415 | D:11     | Killed an unseen horror
 13476 | D:11     | Reached skill level 5 in Ice Magic
 13503 | Lair:1   | Entered Level 1 of the Lair of Beasts
 13597 | Lair:1   | Found a dark tunnel.
 13622 | Volcano  | Entered a volcano
 13728 | Volcano  | Reached skill level 12 in Unarmed Combat
 13730 | Volcano  | Reached skill level 1 in Summonings
 14161 | Volcano  | Noticed a stone giant
 14680 | Lair:1   | Reached **** piety under Ashenzari
 14701 | Lair:1   | Learned a level 4 spell: Summon Ice Beast
 14711 | Lair:1   | Gained mutation: Your thick and shaggy fur keeps you warm.
                  | (AC +3, rC+) [Felid growth]
 14711 | Lair:1   | Reached XP level 12. HP: 58/58 MP: 14/20
 14817 | Lair:1   | Reached skill level 5 in Spellcasting
 15263 | Lair:1   | Noticed a seven-headed hydra
 15305 | Lair:1   | Killed a seven-headed hydra
 15567 | Lair:2   | Noticed a seven-headed hydra
 15589 | Lair:2   | Killed a seven-headed hydra
 15967 | Lair:2   | Noticed an eight-headed hydra
 15978 | Lair:2   | Killed an eight-headed hydra
 15978 | Lair:2   | Reached skill level 13 in Unarmed Combat
 16409 | Lair:2   | Noticed a six-headed hydra
 16432 | Lair:2   | Killed a six-headed hydra
 16753 | Lair:3   | Found a staircase to the Snake Pit.
 17187 | Lair:3   | Reached ***** piety under Ashenzari
 17396 | Lair:3   | Reached skill level 10 in Dodging
 17595 | Lair:3   | Found a staircase to the Swamp.
 18065 | Lair:3   | Reached skill level 14 in Unarmed Combat
 18689 | Lair:4   | Reached XP level 13. HP: 61/61 MP: 23/23
 18697 | Lair:4   | Learned a level 6 spell: Invisibility
 19709 | Lair:6   | Entered Level 6 of the Lair of Beasts
 20148 | Lair:5   | Reached skill level 10 in Hexes
 20521 | Lair:6   | Noticed Nessos
 20553 | Lair:6   | Killed Nessos
 20753 | Lair:6   | Mangled by a blink frog
 20754 | Lair:6   | Reached XP level 12. HP: -12/58 MP: 3/22
 21079 | Lair:6   | Noticed a six-headed hydra
 21084 | Lair:5   | Reached skill level 15 in Unarmed Combat
 21328 | Lair:6   | Killed a six-headed hydra
 21452 | Lair:6   | Noticed a five-headed hydra
 21504 | Lair:6   | Killed a five-headed hydra
 21968 | Lair:6   | Reached XP level 13. HP: 58/62 MP: 20/23
 22348 | Lair:6   | Found a staircase to the Slime Pits.
 23306 | D:12     | Reached skill level 10 in Stealth
 23517 | D:12     | Noticed Nergalle
 23538 | D:12     | Killed Nergalle
 23650 | D:12     | Found a staircase to the Orcish Mines.
 24211 | Orc:1    | Entered Level 1 of the Orcish Mines
 24592 | Orc:1    | Found a roughly hewn altar of Beogh.
 24820 | Orc:2    | Entered Level 2 of the Orcish Mines
 25244 | Orc:2    | Reached ****** piety under Ashenzari
 25252 | Orc:2    | Gained mutation: Your magical capacity is low. (-10% MP)
                  | [mutagenic glow]
 26105 | Orc:2    | Found Malivya's Armour Shoppe.
 26112 | Orc:2    | Found Ugaguel's Gadget Shop.
 26754 | Orc:2    | Noticed Saint Roka
 26796 | Orc:2    | Demolished by Saint Roka
 26797 | Orc:2    | Reached XP level 12. HP: -16/61 MP: 3/19
 26843 | Orc:2    | Found a roughly hewn altar of Beogh.
 27301 | Orc:2    | Found a roughly hewn altar of Beogh.
 27379 | Orc:2    | Found Geucaf's Weapon Boutique.
 27383 | Orc:2    | Reached XP level 13. HP: 65/65 MP: 20/20
 27392 | Orc:2    | Found Teadan's Magic Scroll Shop.
 27409 | Orc:2    | Bought a scroll of teleportation for 30 gold pieces
 27409 | Orc:2    | Bought a scroll of teleportation for 30 gold pieces
 27688 | Orc:2    | Killed Saint Roka
 29321 | Orc:2    | Found a staircase to the Elven Halls.
 30441 | D:13     | Reached skill level 1 in Evocations
 31116 | D:13     | Upgraded the game from 0.25-a0-41-g6cf4ce537d to
                  | 0.25-a0-42-g6c54e25894
 31515 | D:14     | Learned a level 4 spell: Throw Icicle
 31557 | D:14     | Found a gate to the Vaults.
 31646 | D:14     | Reached XP level 14. HP: 51/70 MP: 9/23
 31665 | D:14     | Reached skill level 1 in Conjurations
 31975 | D:14     | Reached skill level 5 in Evocations
 33134 | D:15     | Entered Level 15 of the Dungeon
 33267 | D:15     | Found Diporch's Jewellery Boutique.
 33268 | D:15     | Found Soduoq's Magic Scroll Shop.
 33270 | D:15     | Found a gate leading to a gauntlet.
 33279 | Gauntlet | Entered a Gauntlet
 33279 | Gauntlet | Found a transporter.
 33285 | Gauntlet | Found a transporter.
 33287 | Gauntlet | Found a transporter.
 33299 | Gauntlet | Found a runed translucent gate.
 33299 | Gauntlet | Found a runed translucent gate.
 33299 | Gauntlet | Found a runed translucent gate.
 33302 | Gauntlet | Found a transporter.
 33304 | Gauntlet | Found a transporter.
 33313 | Gauntlet | Identified the ring of Jioresal {rPois rN+ MP+9 Slay+2}
 33318 | Gauntlet | Found a transporter.
 33323 | Gauntlet | Found a runed translucent door.
 33330 | Gauntlet | Found a transporter.
 33337 | Gauntlet | Noticed an entropy weaver
 33338 | Gauntlet | Found a runed translucent door.
 33340 | Gauntlet | Identified the ring of the Solstice {MP+9 Str-3 Int+6
                  | Slay+6 Stlth-}
 33340 | Gauntlet | Found a transporter.
 33342 | Gauntlet | Found a runed translucent door.
 33350 | Gauntlet | Found a transporter.
 33368 | Gauntlet | Found a transporter.
 33373 | Gauntlet | Found a transporter.
 33375 | Gauntlet | Found a transporter.
 33439 | Gauntlet | Found a transporter.
 33439 | Gauntlet | Found a transporter.
 34013 | D:15     | Found Kunwix's Gadget Shop.
 34628 | D:15     | Found a staircase to the Depths.
 34634 | D:15     | Reached skill level 5 in Conjurations
 34858 | D:15     | Identified a scroll of acquirement
 35015 | D:15     | Found Gasysith's Magic Scroll Shop.
 35025 | D:15     | Bought a scroll of blinking for 97 gold pieces
 35886 | Swamp:1  | Entered Level 1 of the Swamp
 36849 | Swamp:1  | Reached XP level 15. HP: 68/73 MP: 7/24
 37005 | Swamp:1  | Mangled by a swamp worm
 37006 | Swamp:1  | Reached XP level 14. HP: -7/70 MP: 25/32
 38894 | Swamp:2  | Noticed a thorn hunter
 39213 | Swamp:2  | Killed a thorn hunter
 39435 | Swamp:2  | Noticed Aizul
 39547 | Swamp:2  | Killed Aizul
 40016 | Swamp:3  | HP: 2/70 [alligator[an alligator] (25)]
 40016 | Swamp:3  | Mangled by an alligator
 40017 | Swamp:3  | Reached XP level 13. HP: -7/66 MP: 20/31
 40600 | Swamp:3  | Noticed a thorn hunter
 40611 | Swamp:3  | Reached skill level 10 in Conjurations
 40914 | Swamp:3  | Killed a thorn hunter
 41668 | Swamp:4  | Entered Level 4 of the Swamp
 41720 | Swamp:4  | Reached XP level 14. HP: 56/70 MP: 24/24
 42052 | Swamp:4  | Identified Roxanne's Grimoire of Shape Shifting
 42052 | Swamp:4  | Noticed Roxanne
 42306 | Orc:2    | Bought a sack of spiders for 240 gold pieces
 42306 | Orc:2    | Bought a lamp of fire for 480 gold pieces
 42306 | Orc:2    | Bought a box of beasts for 240 gold pieces
 42476 | D:15     | Bought a box of beasts for 240 gold pieces
 42476 | D:15     | Bought a wand of acid (8) for 288 gold pieces
 42476 | D:15     | Bought a lightning rod (4/4) for 480 gold pieces
 44122 | Swamp:4  | Killed Roxanne
 45081 | Swamp:4  | Noticed the 27-headed Lernaean hydra
 45114 | Swamp:4  | Learned a level 7 spell: Orb of Destruction
 45455 | Swamp:4  | Killed the 27-headed Lernaean hydra
 45791 | Swamp:4  | Got a decaying rune of Zot
 46185 | Snake:1  | Entered Level 1 of the Snake Pit
 46310 | Snake:1  | Found a runed translucent door.
 46310 | Snake:1  | Noticed tmwh's ghost (adept TrFi)
 46576 | Snake:1  | Found Unydghite's Antique Weapon Boutique.
 46582 | Snake:1  | Found Qyme's Food Boutique.
 46805 | Snake:1  | Reached skill level 10 in Spellcasting
 46805 | Snake:1  | Reached XP level 15. HP: 73/73 MP: 18/27
 48080 | Snake:1  | Upgraded the game from 0.25-a0-42-g6c54e25894 to
                  | 0.25-a0-50-gf0389da217
 48685 | Snake:2  | Noticed a nagaraja
 48796 | Snake:2  | Killed a nagaraja
 50150 | Snake:3  | Noticed Asterion
 50150 | Snake:3  | Noticed a nagaraja
 50388 | Snake:3  | Noticed a nagaraja
 50392 | Snake:3  | Noticed a nagaraja
 50393 | Snake:3  | Identified the ring of Xom's Castigation {rElec rN+ Dex+2}
 51439 | Snake:2  | HP: 3/73 [Asterion/orb of electricity (41)]
 51444 | Snake:2  | Engulfed by a cloud of flame

Levels and vault maps discovered:
D:1:      dpeg_arrival_connections, layout_loops_ring
D:2:      layout_basic, cheibriados_altar_1, lemuel_blue_sif_altar
D:3:      layout_basic, fedhas_ov_isle_minmay, lemuel_coloured_pillars_altar
D:4:      layout_cave_pools, marbit_many_paths, lemuel_doored_altar,
          eino_tiny_chamber, grunt_gozag_statues
D:5:      layout_cave_pools, first_ration, uniq_edmund
D:6:      layout_gridville
D:7:      gammafunk_steamed_eel, layout_basic, minmay_temple_entry_crystal_x,
          basic_altar, kennysheep_doodads
D:8:      layout_cave_pools, serial_shops, kennysheep_little_box
D:9:      layout_cave_pools, serial_shops, shop_statue, grunt_ogre_cave
D:10:     layout_loops_ring, mrwooster_statue_mirror, uniq_psyche
D:11:     layout_cave_pods, david_lair_generic, kb_rosetta, uniq_josephine
D:12:     layout_loops_cross, david_orc_4, uniq_nergalle
D:13:     layout_roguey [special_room_orc]
D:14:     layout_layer_cave, lightli_vaults_fourway_checkpoint, minivault_14
D:15:     grunt_enter_depths_magical_seal, layout_cross, serial_shops, shop,
          shop, shop, shop, gauntlet_entry_generic, ice2_lemuel
Lair:1:   layout_misc_corridors, nicolae_volcano_entry_hallway
Lair:2:   layout_hall_layers
Lair:3:   layout_gridlike, minmay_swamp_entry_worms,
          minmay_snake_entry_guardpost_small, st_stairs_13, grunt_megastairs_4
Lair:4:   layout_long_grid, grunt_megastairs_5
Lair:5:   minmay_lair_oklob_tunnel, layout_gridlike, serial_bayou_shore_b
Lair:6:   gammafunk_lair_ancient_temple, layout_small_grid,
          minmay_slime_entry_jelly_boxes, st_stairs_6, serial_bayou_shore_b,
          uniq_nessos
Swamp:1:  layout_falls_marsh, hangedman_swamp_blocks, swamp_pool3,
          ldierk_geyser, st_swamp_ruins_1
Swamp:2:  layout_basic_swamp, evilmike_swamp_ruin_rubble_1, uniq_aizul
Swamp:3:  layout_basic_swamp, hangedman_swamp_cone
Swamp:4:  swamp_old_school, layout_basic_swamp, swamp_pool2,
          nicolae_swamp_little_tower, uniq_roxanne
Snake:1:  layout_misc_corridors, ebering_ghost_inner_flame,
          fake_guardian_serpent_vault, grunt_megastairs_3, minmay_shop_star,
          lemuel_fruit_tree
Snake:2:  layout_misc_corridors
Snake:3:  layout_cave_shapes, serial_shops, shop_fountains, shop,
          nicolae_shop_waterfront, shop, uniq_jorgrun, uniq_asterion
Orc:1:    layout_caves, mines2_david
Orc:2:    pubby_orc_utopia

Skill      XL: |  1  2  3  4  5  6  7  8  9 10 11 12 13 14 15 |
---------------+----------------------------------------------+-----
Hexes          | 5 6 7 8 9 11 | 11.2
Unarmed Combat | 2 3 5 6 7 9 10 12 15 | 15.0
Stealth        | 5 9 11 | 11.4
Fighting       | 2 5 7 9 10 13 | 13.0
Dodging        | 3 5 7 10 14 | 14.0
Spellcasting   | 3 4 6 7 10 11 | 11.1
Translocations | 3 |  3.7
Ice Magic      | 2 5 |  5.0
Summonings     | 2 |  2.2
Evocations     | 4 8 |  8.5
Conjurations   | 10 11 12 | 12.3

Action                   |  1- 3 |  4- 6 |  7- 9 | 10-12 | 13-15 || total
-------------------------+-------+-------+-------+-------+-------++-------
Melee: Unarmed           |    89 |    86 |   248 |   484 |  1753 ||  2660
       Bite              |     8 |    10 |    16 |    33 |   166 ||   233
       Punch             |       |     1 |    11 |    22 |    80 ||   114
 Cast: Ensorcelled Hiber |    13 |    36 |    55 |   124 |   130 ||   358
       Confuse           |       |     3 |    32 |    77 |   193 ||   305
       Tukima's Dance    |       |     1 |    14 |    15 |    76 ||   106
       Blink             |       |       |       |     3 |    24 ||    27
       Summon Ice Beast  |       |       |       |    30 |    55 ||    85
       Invisibility      |       |       |       |     5 |    38 ||    43
       Throw Icicle      |       |       |       |       |   166 ||   166
       Dazzling Spray    |       |       |       |       |     1 ||     1
       Summon Butterflie |       |       |       |       |    11 ||    11
       Orb of Destructio |       |       |       |       |    16 ||    16
Invok: Curse Item        |       |       |     3 |       |     3 ||     6
Evoke: Wand              |       |       |     1 |    19 |    10 ||    30
       Box of beasts     |       |       |       |       |     1 ||     1
       Phial of floods   |       |       |       |       |     1 ||     1
       Sack of spiders   |       |       |       |       |     1 ||     1
       Lamp of fire      |       |       |       |       |     2 ||     2
  Use: Scroll            |     6 |       |    12 |     4 |    27 ||    49
       Potion            |       |       |       |     1 |    17 ||    18
 Stab: Sleeping          |    22 |    17 |    39 |   101 |   152 ||   331
       Confused          |       |     3 |     9 |    37 |   109 ||   158
       Distracted        |       |     1 |       |     3 |     2 ||     6
       Invisible         |       |       |       |    14 |    97 ||   111
  Eat: Chunk             |     5 |    10 |    16 |    43 |    71 ||   145
       Ration            |       |       |       |       |    16 ||    16
Armor: Skin              |     5 |    11 |    11 |    36 |    62 ||   125
Dodge: Dodged            |    56 |    75 |   183 |   387 |  1362 ||  2063
Block: Other             |       |       |    14 |    70 |   258 ||   342
       Reflection        |       |       |       |     2 |    14 ||    16

Table legend:
 A = Non-vault XP
 B = Vault XP
 C = Vault XP percentage of total XP
 D = Non-vault monster count
 E = Vault monster count
 F = Vault count percentage of total count
                 A         B        C        D         E       F
            +---------+---------+-------+---------+---------+-------
      Total |  155096 |   90922 |  37.0 |     647 |     347 |  34.9
            +---------+---------+-------+---------+---------+-------
        D:1 |      25 |       0 |   0.0 |      13 |       0 |   0.0
        D:2 |      59 |       0 |   0.0 |      16 |       0 |   0.0
        D:3 |      69 |       0 |   0.0 |      17 |       0 |   0.0
        D:4 |     288 |       0 |   0.0 |      10 |       0 |   0.0
        D:5 |     388 |     147 |  27.5 |      13 |       1 |   7.1
        D:6 |     722 |       0 |   0.0 |      20 |       0 |   0.0
        D:7 |     528 |      44 |   7.7 |      15 |       1 |   6.2
        D:8 |    1387 |       0 |   0.0 |      20 |       0 |   0.0
        D:9 |    1652 |     116 |   6.6 |      16 |       1 |   5.9
       D:10 |    5803 |     717 |  11.0 |      39 |       2 |   4.9
       D:11 |    2811 |    3125 |  52.6 |      15 |      12 |  44.4
       D:12 |    5001 |    1315 |  20.8 |      35 |      13 |  27.1
       D:13 |    9320 |    1000 |   9.7 |      31 |      23 |  42.6
       D:14 |   12193 |    7058 |  36.7 |      32 |      14 |  30.4
       D:15 |    6525 |    9779 |  60.0 |      29 |      19 |  39.6
     Lair:1 |    3869 |       0 |   0.0 |      18 |       0 |   0.0
     Lair:2 |    5253 |       0 |   0.0 |      21 |       0 |   0.0
     Lair:3 |    6771 |    1393 |  17.1 |      37 |       8 |  17.8
     Lair:4 |     504 |     533 |  51.4 |       5 |       4 |  44.4
     Lair:5 |    3520 |     648 |  15.5 |      13 |       3 |  18.8
     Lair:6 |    9187 |    8717 |  48.7 |      32 |      35 |  52.2
    Swamp:1 |    2925 |    4378 |  59.9 |      15 |       7 |  31.8
    Swamp:2 |   12862 |    1617 |  11.2 |      39 |       1 |   2.5
    Swamp:3 |   16951 |       0 |   0.0 |      30 |       0 |   0.0
    Swamp:4 |    8846 |   21068 |  70.4 |      26 |      26 |  50.0
    Snake:1 |   10697 |    1417 |  11.7 |      21 |       3 |  12.5
    Snake:2 |   21293 |       0 |   0.0 |      39 |       0 |   0.0
    Snake:3 |    1466 |       0 |   0.0 |       3 |       0 |   0.0
      Orc:1 |    4181 |      18 |   0.4 |      27 |       6 |  18.2
      Orc:2 |       0 |   21721 | 100.0 |       0 |     141 | 100.0
    Volcano |       0 |    2972 | 100.0 |       0 |      18 | 100.0
   Gauntlet |       0 |    3139 | 100.0 |       0 |       9 | 100.0
            +---------+---------+-------+---------+---------+-------
